 Dungeon Crawl Stone Soup version 0.31-a0-1-g4198be8af4 (webtiles) character file.

Game seed: 17577931892178402723

137 voltaire321 the Sneak (level 5, -3/34 HPs)
             Began as an Octopode Earth Elementalist on May 1, 2023.
             Slain by Blork the orc
             ... wielding a +0 battleaxe
              (17 damage)
             ... on level 4 of the Dungeon.
             The game lasted 00:06:37 (2843 turns).

voltaire321 the Sneak (Octopode Earth Elementalist) Turns: 2843, Time: 00:06:38

Health: -3/34      AC:  1    Str:  7    XL:     5   Next: 20%
Magic:  3/8        EV: 10    Int: 19    God:
Gold:   215        SH:  0    Dex: 13    Spells: 3/9 levels left

rFire   + . .        t - +0 short sword (flame)
rCold   . . .        (no shield)
rNeg    . . .        (helmet restricted)
rPois   .            (no amulet)
rElec   .            p - ring of willpower
rCorr   .            s - ring of protection from fire
SInv    .            (no ring)
Will    +....        (no ring)
Stlth   +++          (no ring)
HPRegen 0.25/turn    (no ring)
MPRegen 0.11/turn    (no ring)
                     (no ring)

%: no passive effects
@: very slightly contaminated, constricted
A: almost no armour, amphibious, 8 rings, camouflage 1, gelatinous body 1,
(nimble swimmer 1), tentacles
a: no special abilities


You were on level 4 of the Dungeon.
You visited 2 branches of the dungeon, and saw 7 of its levels.

You collected 215 gold pieces.

Inventory:

Hand Weapons
 t - a +0 short sword of flaming (weapon)
Jewellery
 p - a ring of willpower (left tentacle)
 s - a ring of protection from fire (right tentacle)
Wands
 r - a wand of paralysis (11)
Scrolls
 d - a scroll of immolation {unknown}
 g - 2 scrolls of fear {unknown}
 h - a scroll of brand weapon {unknown}
 j - 2 scrolls of identify {unknown}
 k - 2 scrolls of teleportation {unknown}
 l - a scroll of magic mapping {unknown}
 o - a scroll of amnesia {unknown}
Potions
 a - a potion of magic
 b - a potion of degeneration {unknown}
 c - 3 potions of flight {unknown}
 e - a potion of heal wounds {unknown}
 f - 2 potions of might {unknown}
 i - 2 potions of resistance {unknown}
 m - a potion of lignification {unknown}
 n - a potion of attraction {unknown}
 q - a potion of mutation {unknown}
 u - a potion of haste {unknown}


   Skills:
 + Level 1.6 Fighting
 + Level 2.7 Dodging
 + Level 3.7 Stealth
 + Level 2.5 Spellcasting
 + Level 0.8 Conjurations
 + Level 1.9 Transmutations
 + Level 3.5 Earth Magic


You had 3 spell levels left.
You knew the following spells:

 Your Spells              Type           Power      Damage    Failure   Level
a - Sandblast             Erth           32%        2d9       3%          1
b - Passwall              Tmut/Erth      10%        N/A       8%          2
c - Stone Arrow           Conj/Erth      20%        3d8       19%         3

Your spell library contained the following spells:

 Spells                   Type           Power      Damage    Failure   Level
 Poisonous Vapours        Pois/Air       4%         N/A       24%         2
 Mephitic Cloud           Conj/Pois/Air  3%         N/A       38%         3
 Petrify                  Tmut/Erth      12%        N/A       45%         4
 Freezing Cloud           Conj/Ice/Air   1%         6-21      98%         5


Dungeon Overview and Level Annotations

Branches:
Dungeon (6/15)             Temple (1/1) D:6

Altars:
Ashenzari
Cheibriados
Dithmenos
Fedhas
Kikubaaqudgha
Makhleb
Nemelex Xobeh
Qazlal
Sif Muna
Trog
Uskayaw
Vehumet
Wu Jian
Yredelemnul
Zin
The Shining One

Annotations:
D:4 Blork the orc


Innate Abilities, Weirdness & Mutations

You cannot wear most types of armour.
You are amphibious.
You can wear up to eight rings at the same time.
Your skin changes colour to match your surroundings (Stealth+).
Your rubbery body absorbs attacks. (AC +1, EV +1)
((You are camouflaged when in or above water. (Stealth+)))
You have tentacles for arms and can constrict up to eight enemies at once.


Message History

Blork the orc shouts!
The ball python hisses angrily.
Aiming: Sandblast (safe; 3% risk of failure)
Press: ? - help, Q - select action, (/) - cycle Shift-Dir - straight line, f/p - Blork the orc
Aim: Blork the orc, wielding a +0 battleaxe and wearing a +0 robe (moderately wounded, 84% to hit)
The blast of sand hits Blork the orc!
Blork the orc is heavily wounded.
The ball python bites you. The ball python grabs you.
The ball python constricts you.
Aiming: Sandblast (safe; 3% risk of failure)
Press: ? - help, Q - select action, (/) - cycle Shift-Dir - straight line, f/p - Blork the orc
Aim: Blork the orc, wielding a +0 battleaxe and wearing a +0 robe (heavily wounded, 84% to hit)
You miscast Sandblast.
You are very lightly contaminated with residual magic.
Nothing appears to happen.
Blork the orc misses you. The ball python barely misses you.
The ball python constricts you.
Aiming: Sandblast (safe; 3% risk of failure)
Press: ? - help, Q - select action, (/) - cycle Shift-Dir - straight line, f/p - Blork the orc
Aim: Blork the orc, wielding a +0 battleaxe and wearing a +0 robe (heavily wounded, 84% to hit)
The blast of sand hits Blork the orc.
Blork the orc is severely wounded.
Blork the orc barely misses you. The ball python bites you.
The ball python constricts you.
Blork the orc points at you and mumbles some strange words.
The magic dart hits you! The ball python bites you.
The ball python constricts you.
You hit the ball python. You burn the ball python.
Your grab misses the ball python.
The ball python is heavily wounded.
Blork the orc misses you. The ball python barely misses you.
The ball python constricts you.
Aiming: Sandblast (safe; 3% risk of failure)
Press: ? - help, Q - select action, (/) - cycle Shift-Dir - straight line, f/p - Blork the orc
Aim: Blork the orc, wielding a +0 battleaxe and wearing a +0 robe (severely wounded, 84% to hit)
The blast of sand hits Blork the orc.
Blork the orc is almost dead.
The ball python barely misses you. The ball python constricts you.
Blork the orc hits you with a +0 battleaxe!
Ouch! That really hurt!
You die...

#. #.. ...#####
.......
#...#########
#....o......#.##
#....S@.$.......
#..)#######.#.#.
#...## #....#
##<..# #...#
.......
##...#### .....


You could see Blork the orc and a ball python.

Vanquished Creatures
  A phantom (D:5)
  A dart slug (D:3)
  5 orcs
  A bat (D:1)
  10 endoplasms
  3 giant cockroaches (D:1)
  5 hobgoblins
  4 jackals (D:2)
  5 kobolds
  A quokka (D:3)
  2 ball pythons
  6 frilled lizards
  5 goblins
  5 rats
54 creatures vanquished.

Notes
Turn   | Place    | Note
-------+----------+-------------------------------------------
     0 | D:1      | voltaire321 the Octopode Earth Elementalist began the quest
                  | for the Orb.
     0 | D:1      | Reached XP level 1. HP: 11/11 MP: 3/3
   206 | D:1      | Reached XP level 2. HP: 18/18 MP: 0/5
   272 | D:1      | Found a faded altar of an unknown god.
   948 | D:2      | Reached XP level 3. HP: 22/22 MP: 2/6
  1173 | D:2      | Identified the +0 ring mail of Pathos {Str+3 SInv}
  1612 | D:3      | Reached skill level 1 in Fighting
  1844 | D:3      | Reached XP level 4. HP: 28/28 MP: 5/7
  1879 | D:3      | You fall into a shaft and drop 3 floors!
  1879 | D:6      | Found a staircase to the Ecumenical Temple.
  1886 | D:6      | Noticed a two-headed ogre
  1889 | Temple   | Entered the Ecumenical Temple
  2111 | D:5      | Entered Level 5 of the Dungeon
  2130 | D:5      | Learned a level 2 spell: Passwall
  2134 | D:5      | Learned a level 3 spell: Stone Arrow
  2199 | D:5      | Noticed a phantom
  2203 | D:5      | Killed a phantom
  2204 | D:5      | Reached XP level 5. HP: 33/33 MP: 5/8
  2237 | D:5      | Noticed a black bear
  2316 | D:4      | Found a sparkling altar of Nemelex Xobeh.
  2499 | D:4      | Noticed a phantom
  2530 | D:3      | Found a glowing silver altar of Zin.
  2674 | D:3      | Found an ancient bone altar of Kikubaaqudgha.
  2836 | D:4      | Noticed Blork the orc
  2843 | D:4      | Slain by Blork the orc

Illustrated notes

Levels and vault maps discovered:
D:1:      saegor_arrival_fortress, layout_basic,
          hellmonk_ecumenical_altar_pennies_from_heaven, minmay_distorted
D:2:      layout_loops_ring
D:3:      layout_basic, mainiacjoe_overflow_big_doors, hex_large
D:4:      layout_basic, mainiacjoe_overflow_surrounded_room, uniq_ijyb,
          uniq_duvessa, uniq_blork_the_orc
D:5:      minmay_chambers_of_threes, layout_basic,
          regret_index_temple_of_mockery, serial_glass, glass_columns_a,
          glass_columns_b, feat_on_display, uniq_menkaure
D:6:      layout_cave_pools, nicolae_overflow_crystal_walls,
          minmay_temple_entry_drinking_statues
Temple:   oiseaux_autumnal_temple

Skill      XL: |  1  2  3 |
---------------+----------+-----
Stealth        | 3 |  3.7
Fighting       | 1 |  1.6
Dodging        | |  2.7
Spellcasting   | |  2.5
Conjurations   | |  0.8
Transmutations | |  1.9
Earth Magic    | |  3.5

Action                     |  1- 3 |  4- 6 || total
---------------------------+-------+-------++-------
  Melee: Tentacles         |     9 |       ||     9
         Unarmed           |     1 |       ||     1
         Dagger            |    20 |       ||    20
         Constrict         |     6 |       ||     6
         Short sword       |       |     4 ||     4
   Cast: Sandblast         |    45 |    11 ||    56
   Stab: Sleeping          |       |     2 ||     2
 Armour: Skin              |     1 |       ||     1
  Dodge: Dodged            |    19 |     7 ||    26

Table legend: (Time is in decaauts)
 A = Elapsed time spent in this place.
 B = Non-inter-level travel time spent in this place.
 C = Inter-level travel time spent in this place.
 D = Time resting spent in this place.
 E = Time spent auto-exploring this place.
 F = Levels seen in this place.
 G = Mean time per level.
                   A        B        C        D        E       F      G
               +--------+--------+--------+--------+--------+-----+--------+
         Total |   2866 |   2767 |     99 |    183 |   1983 |   7 |  409.4 |
       Dungeon |   2650 |   2573 |     77 |    183 |   1809 |   6 |  441.7 |
        Temple |    216 |    194 |     22 |      0 |    174 |   1 |  216.0 |
               +--------+--------+--------+--------+--------+-----+--------+

Top non-repeatable levels by time:
     D:1: 895 daAuts
     D:2: 711 daAuts
     D:3: 619 daAuts
     D:4: 276 daAuts
  Temple: 216 daAuts
     D:5: 133 daAuts
     D:6: 15 daAuts
